 Dungeon Crawl Stone Soup version 0.30-a0-860-g512cf1e979 (webtiles) character file.

Game seed: 4326585427846976208

443 Sthenotin the Sneak (level 7, -6/39 HPs)
             Began as a Kobold Enchanter on Mar 7, 2023.
             Shot with an arrow by a centaur (9 damage)
             ... on level 5 of the Dungeon.
             The game lasted 00:13:20 (4365 turns).

Sthenotin the Sneak (Kobold Enchanter)              Turns: 4365, Time: 00:13:21

Health: -6/39      AC:  3    Str:  5    XL:     7   Next: 23%
Magic:  8/12       EV: 15    Int: 18    God:
Gold:   310        SH:  0    Dex: 16    Spells: 5/13 levels left

rFire   . . .      SeeInvis .    a - +1 dagger
rCold   + . .      Faith    .    (no shield)
rNeg    . . .      Spirit   .    b - +0 robe
rPois   .          Reflect  .    (no helmet)
rElec   .          Rampage  .    (no cloak)
rCorr   .                        s - +0 pair of gloves
Will    .....                    (no boots)
Stlth   ++++                     (no amulet)
HPRegen 0.26/turn                m - ring of protection from cold
MPRegen 0.13/turn                (no ring)

@: no status effects
A: small, no large weapons, nightstalker 3
a: no special abilities


You were on level 5 of the Dungeon.
You visited 1 branch of the dungeon, and saw 5 of its levels.

You collected 310 gold pieces.

Inventory:

Hand Weapons
 a - a +1 dagger (weapon)
Armour
 b - a +0 robe (worn)
 d - a +0 buckler
 s - a +0 pair of gloves (worn)
 u - a +3 chain mail of fire resistance
Jewellery
 m - a ring of protection from cold (left hand)
 v - a +4 ring of protection
Scrolls
 f - 2 scrolls of blinking {unknown}
 g - 5 scrolls of enchant weapon {unknown}
 h - 2 scrolls of magic mapping {unknown}
 k - 2 scrolls of immolation {unknown}
 l - 3 scrolls of teleportation {unknown}
 p - a scroll of noise {unknown}
 r - 2 scrolls of identify {unknown}
 t - a scroll of fog {unknown}
Potions
 c - a potion of attraction {unknown}
 e - a potion of brilliance {unknown}
 i - 4 potions of curing {unknown}
 j - a potion of heal wounds {unknown}
 n - 2 potions of cancellation {unknown}
 o - a potion of mutation {unknown}
 q - 3 potions of flight {unknown}
 w - a potion of lignification {unknown}
 x - a potion of haste {unknown}


   Skills:
 + Level 1.8 Fighting
 + Level 3.0 Short Blades
 + Level 3.3 Dodging
 * Level 5.9 Stealth
 * Level 2.1 Shields
 * Level 3.5 Spellcasting
 * Level 0.9 Conjurations
 + Level 4.1 Hexes
 - Level 0.2 Ice Magic


You had 5 spell levels left.
You knew the following spells:

 Your Spells              Type           Power      Damage    Failure   Level
a - Ensorcelled Hibernat  Hex/Ice        22%        N/A       10%         2
b - Confusing Touch       Hex            18%        N/A       9%          3
c - Dazzling Flash        Conj/Hex       24%        N/A       16%         3

Your spell library contained the following spells:

 Spells                   Type           Power      Damage    Failure   Level
 Tukima's Dance           Hex            18%        N/A       9%          3
 Static Discharge         Conj/Air       8%         2-3/arc   19%         2
 Vhi's Electric Charge    Tloc/Air       6%         N/A       43%         3
 Summon Ice Beast         Ice/Summ       3%         N/A       82%         4
 Summon Mana Viper        Hex/Summ       10%        N/A       88%         5
 Arcjolt                  Conj/Air       2%         1d12      98%         5
 Lightning Bolt           Conj/Air       2%         1d13      98%         5
 Monstrous Menagerie      Summ           1%         N/A       100%        7
 Maxwell's Capacitive Co  Air            1%         ∞         100%        8


Dungeon Overview and Level Annotations

Branches:
Dungeon (5/15)
 Temple: D:4-7

Altars:
The Shining One

Shops:
D:1 *


Innate Abilities, Weirdness & Mutations

You are small and have problems with some larger weapons.
You are completely attuned to the shadows.


Message History

Found a robe.
Found a battleaxe.
k - 2 scrolls labelled WIUDDIROLL (gained 1)
Found a stone.
You see here a stone.
Found 3 stones.
A centaur and a hound come into view.
The hound barks!
The centaur shouts!
Found a scroll labelled VILLEC NIHOUPS.
The centaur closely misses you. x2
The hound pauses to sniff the ground.
The hound bites you.
Casting: Ensorcelled Hibernation (safe; 10% risk of failure)
Confirm with . or Enter, or press ? or * to list all spells.
Your hands begin to glow red.
The centaur barely misses you. x2
The hound bites you. The centaur misses you. The centaur barely misses you.
You hit the centaur but do no damage. The hound bites you.
The centaur barely misses you. The centaur kicks you.
The hound closely misses you.
You miss the hound. The centaur hits you. The centaur kicks you.
The hound bites you. The centaur hits you. The centaur barely misses you.
You hit the hound but do no damage.
The hound appears confused.
The centaur hits you but does no damage.
The centaur closely misses you.
Casting: Confusing Touch (dangerous; 9% risk of failure)
Confirm with . or Enter, or press ? or * to list all spells.
Your hands begin to glow red.
The centaur hits you.
* * * LOW HITPOINT WARNING * * *
The centaur kicks you but does no damage.
You hit the centaur but do no damage.
The centaur appears confused.
The centaur closely misses the hound. x2; The centaur closely misses you.
The centaur kicks you but does no damage.
The centaur hits itself.
The centaur kicks itself but does no damage.
The hound bites something.
The centaur wields a +0 shortbow.
The centaur shoots an arrow.
The arrow hits you!
* * * LOW HITPOINT WARNING * * *
You see here a stone.
The centaur shoots an arrow.
The arrow hits you!
You die...

............#
#.#.......
######.######
#.#.≈≈≈≈≈≈ #.#
#.#.≈..... #.#
#.#.≈.#### #.#
#.#.≈.#... #.#
#####...≈.#. #.#
#..c.h(.≈....
#.######c##....≈.###
#...@(...##.#c.......
#######..##.##.≈≈≈≈≈≈
#..##.##......
#.....###...## ##.###
#...# .# #...# #.....
....##. ##?...


You could see a centaur.

Vanquished Creatures
  A black bear (D:4)
  A scorpion (D:5)
  A hound (D:2)
  A gnoll bouda (D:4)
  A sleepcap (D:5)
  2 iguanas
  4 gnolls
  3 adders
  A dart slug (D:5)
  5 orcs
  12 ball pythons
  3 bats
  3 endoplasms
  8 giant cockroaches
  12 goblins
  6 hobgoblins
  5 quokkas
  5 frilled lizards
  7 kobolds
  7 rats
88 creatures vanquished.

Notes
Turn   | Place    | Note
-------+----------+-------------------------------------------
     0 | D:1      | Sthenotin the Kobold Enchanter began the quest for the Orb.
     0 | D:1      | Reached XP level 1. HP: 10/10 MP: 3/3
   248 | D:1      | Reached XP level 2. HP: 15/15 MP: 5/5
   309 | D:1      | Found a faded altar of an unknown god.
   583 | D:1      | Found Qyep's Assorted Antiques.
   885 | D:2      | Reached XP level 3. HP: 20/20 MP: 6/6
   889 | D:2      | Learned a level 2 spell: Ensorcelled Hibernation
   893 | D:2      | Learned a level 3 spell: Confusing Touch
   988 | D:2      | Reached XP level 4. HP: 24/24 MP: 7/7
  1383 | D:2      | Learned a level 3 spell: Dazzling Flash
  1612 | D:3      | Reached skill level 1 in Shields
  2119 | D:3      | Reached skill level 1 in Fighting
  2214 | D:3      | Reached skill level 5 in Stealth
  2214 | D:3      | Reached XP level 5. HP: 29/29 MP: 6/9
  3306 | D:4      | Found a glowing golden altar of the Shining One.
  3418 | D:4      | Noticed a black bear
  3422 | D:4      | Killed a black bear
  3423 | D:4      | Reached XP level 6. HP: 34/34 MP: 10/10
  3811 | D:5      | Entered Level 5 of the Dungeon
  4012 | D:5      | Reached XP level 7. HP: 27/39 MP: 8/12
  4365 | D:5      | Shot with an arrow by a centaur

Illustrated notes

Levels and vault maps discovered:
D:1:      spicycebolla_arrival_risky_transporter, layout_basic,
          shapermc_ecumenical_altar_acropolis, serial_shops,
          nicolae_shop_temple_entry_statues_fountains
D:2:      layout_rooms, minmay_worlds_worst_comb
D:3:      layout_basic, minmay_ruptured
D:4:      layout_cave_pools, tso_metal_star, uniq_robin
D:5:      layout_loops_ring, mainiacjoe_overflow_brackets

Skill      XL: |  1  2  3  4  5  6  7 |
---------------+----------------------+-----
Short Blades   | 2 3 |  3.0
Shields        | 1 2 |  2.1
Fighting       | 1 |  1.8
Stealth        | 5 |  5.9
Spellcasting   | 3 |  3.5
Dodging        | 3 |  3.3
Hexes          | 4 |  4.1
Conjurations   | |  0.9
Ice Magic      | |  0.2

Action                     |  1- 3 |  4- 6 |  7- 9 || total
---------------------------+-------+-------+-------++-------
  Melee: Dagger            |    41 |   171 |     9 ||   221
         Punch             |       |     3 |       ||     3
   Cast: Ensorcelled Hiber |       |    25 |     3 ||    28
         Confusing Touch   |       |    12 |     2 ||    14
    Use: Potion            |       |     2 |       ||     2
   Stab: Sleeping          |    12 |    36 |     5 ||    53
         Confused          |       |    10 |       ||    10
 Armour: Robe              |     7 |    22 |     3 ||    32
  Dodge: Dodged            |    41 |   130 |    13 ||   184

Table legend: (Time is in decaauts)
 A = Elapsed time spent in this place.
 B = Non-inter-level travel time spent in this place.
 C = Inter-level travel time spent in this place.
 D = Time resting spent in this place.
 E = Time spent auto-exploring this place.
 F = Levels seen in this place.
 G = Mean time per level.
                   A        B        C        D        E       F      G
               +--------+--------+--------+--------+--------+-----+--------+
         Total |   4344 |   4309 |     35 |    587 |   2607 |   5 |  868.8 |
       Dungeon |   4344 |   4309 |     35 |    587 |   2607 |   5 |  868.8 |
               +--------+--------+--------+--------+--------+-----+--------+

Top non-repeatable levels by time:
     D:3: 1192 daAuts
     D:4: 1037 daAuts
     D:1: 878 daAuts
     D:2: 686 daAuts
     D:5: 549 daAuts
